 Dungeon Crawl Stone Soup version 0.24.0-1-gfbc8707 (webtiles) character file.

Game seed: 12238354317087948252, levelgen mode: deterministic

37 dingleboss the Grave Robber (level 3, 24/24 HPs)
             Began as a Mummy Necromancer on Nov 3, 2019.
             Safely got out of the dungeon.
             The game lasted 00:04:19 (1532 turns).

dingleboss the Grave Robber (Mummy Necromancer)     Turns: 1532, Time: 00:04:19

Health: 24/24      AC:  7    Str: 11    XL:     3   Next: 21%
Magic:  7/7        EV: 10    Int: 15    God:
Gold:   51         SH:  0    Dex: 12    Spells: 6/8 levels left

rFire    x . .     SeeInvis .   b - +0 club
rCold    + . .     Gourm    .   (no shield)
rNeg     + + +     Faith    .   f - +2 ring mail {rPois}
rPois    ∞         Spirit   .   (no helmet)
rElec    .         Reflect  .   (no cloak)
rCorr    .         Harm     .   (no gloves)
MR       .....                  (no boots)
Stlth    +.........             (no amulet)
HPRegen  0.08/turn              (no ring)
MPRegen  0.10/turn              (no ring)

@: no status effects
A: no food or potions, fire vulnerability, cold resistance 1, negative energy
resistance 3, torment resistance, unbreathing
a: no special abilities


You escaped.
You were not hungry.

You visited 1 branch of the dungeon, and saw 2 of its levels.

You collected 51 gold pieces.


Innate Abilities, Weirdness & Mutations

You do not eat or drink.
Your flesh is vulnerable to fire.
You are immune to poison.
Your flesh is cold resistant. (rC+)
You are immune to negative energy. (rN+++)
You are immune to unholy pain and torment.
You can survive without breathing.


   Skills:
 - Level 1.5 Dodging
 - Level 1.5 Stealth
 + Level 3.4 Spellcasting
 * Level 4.8 Necromancy


You had 6 spell levels left.
You knew the following spells:

 Your Spells              Type           Power        Failure   Level  Hunger
s - Animate Skeleton      Necr           N/A          6%          1    N/A
z - Pain                  Necr           ###.         6%          1    N/A

Your spell library contained the following spells:

 Spells                   Type           Power        Failure   Level  Hunger
 Vampiric Draining        Necr           ###.......   19%         3    N/A
 Animate Dead             Necr           N/A          54%         4    N/A
 Regeneration             Chrm/Necr      Unusable     N/A         3    N/A

Inventory:

Hand Weapons
 b - a +0 club (weapon)
Armour
 a - a +0 robe
 f - a +2 ring mail of poison resistance (worn)
Jewellery
 d - a cursed -3 ring of protection {unknown}
Scrolls
 c - a scroll of noise {unknown}
 e - a scroll of remove curse {unknown}

Dungeon Overview and Level Annotations

Branches:
Dungeon (2/15)

Altars:

########.# #.....###
#...###... #.# #.....#
#.>....... #.# #.....#
#...###### ########.# #.....#
#...# .........# #.....# ##'##
####.##### ####### #.#
#.############## #####'####
#..........#...# #...!....#
#.##########.@.# #........#
#.##########...# #........#
#.#.......###'## #........####
#.#.......###'####............
#.#.⌠.8.⌠.#..)...#........####
#.#.......'..>............#
#.#[......#...............#
#.######################### ##
#.##.....# #.


There were no monsters in sight!


Message History

You climb upwards.
There is a stone staircase leading down here.
There is an open door here.
There is an open door here.
There is an escape hatch in the floor here.
There is an open door here.
There is an open door here.
You see here a bubbling inky potion.
There is a stone staircase leading down here.
You climb downwards.
Found a black potion.
There is a stone staircase leading up here.
Saving game... please wait.
Welcome back, dingleboss the Mummy Necromancer.
Press ? for a list of commands and other information.
Quiver which item? (- for none, * to show all) (? for menu, Esc to quit)
Okay, then.
Welcome back, dingleboss the Mummy Necromancer.
Press ? for a list of commands and other information.
(D) Dungeon
Where to? (? - help)
What level of the Dungeon? (default 1, ? - help)
You climb upwards.
There is a stone staircase leading down here.
You see here a +0 club.
There is a large open door here.
There is a large open door, spattered with blood here.
There is a staircase leading out of the dungeon here.
Are you sure you want to leave the Dungeon?
This will make you lose the game!
You have escaped!

Skill      XL: |  1 |
---------------+----+-----
Spellcasting   | 3 |  3.4
Dodging        | |  1.5
Stealth        | |  1.5
Necromancy     | |  4.8

Action                   || total
-------------------------++-------
Melee: Unarmed           ||    12
       Club              ||     3
 Cast: Pain              ||    59
       Animate Skeleton  ||     2
Armor: Robe              ||    14
       Ring mail         ||     3
Dodge: Dodged            ||    23

Levels and vault maps discovered:
D:1:      dpeg_arrival_simpleton_b, layout_basic
D:2:      layout_loops_ring, nrook_uturn, uniq_robin

Notes
Turn   | Place    | Note
-------+----------+-------------------------------------------
     0 | D:1      | dingleboss the Mummy Necromancer began the quest for the
                  | Orb.
     0 | D:1      | Reached XP level 1. HP: 13/13 MP: 4/4
   267 | D:1      | Reached skill level 3 in Spellcasting
   267 | D:1      | Reached XP level 2. HP: 19/19 MP: 0/6
   270 | D:1      | Learned a level 1 spell: Animate Skeleton
   983 | D:1      | Reached XP level 3. HP: 24/24 MP: 3/7
  1532 | D:$      | Safely got out of the dungeon.

Vanquished Creatures
  An ooze (D:1)
  A leopard gecko (D:1)
  A giant cockroach (D:1)
  3 goblins (D:1)
  10 hobgoblins (D:1)
  A kobold (D:1)
  A ball python (D:1)
  6 bats (D:1)
  3 frilled lizards (D:1)
  3 rats (D:1)
30 creatures vanquished.

Table legend:
 A = Turns spent in this place as a percentage of turns spent in the entire game.
 B = Non-inter-level travel turns spent in this place as a percentage of non-inter-level travel turns spent in the entire game.
 C = Inter-level travel turns spent in this place as a percentage of turns spent in this place.
 D = Turns resting spent in this place as a percentage of non-inter-level travel turns spent in this place.
 E = Turns spent auto-exploring this place as a percentage of non-inter-level travel turns spent in this place.
 F = Non-inter-level travel turns spent in this place divided by the number of levels of this place that you've seen.
                   A       B       C       D       E      F
               +-------+-------+-------+-------+-------+----------------------
         Total | 100.0 | 100.0 |   5.9 |  33.3 |  47.7 | 720.5
       Dungeon | 100.0 | 100.0 |   5.9 |  33.3 |  47.7 | 720.5
               +-------+-------+-------+-------+-------+----------------------

Table legend:
 A = Non-vault XP
 B = Vault XP
 C = Vault XP percentage of total XP
 D = Non-vault monster count
 E = Vault monster count
 F = Vault count percentage of total count
                 A         B        C        D         E       F
            +---------+---------+-------+---------+---------+-------
      Total |      53 |       0 |   0.0 |      30 |       0 |   0.0
            +---------+---------+-------+---------+---------+-------
        D:1 |      53 |       0 |   0.0 |      30 |       0 |   0.0
            +---------+---------+-------+---------+---------+-------
